 Dungeon Crawl Stone Soup version 0.32-a0-7-ge934b4519a (webtiles) character file.

Game seed: 3283697419122863587

18 SolCadguy the Ruffian (level 2, -4/25 HPs)
             Began as a Naga Shapeshifter on Jan 14, 2024.
             Slain by a goblin
             ... wielding a +0 club
             ... led by Robin
              (6 damage)
             ... on level 2 of the Dungeon.
             The game lasted 00:02:26 (809 turns).

SolCadguy the Ruffian (Naga Shapeshifter)            Turns: 809, Time: 00:02:27

Health: -4/25      AC:  1    Str: 16    XL:     2   Next: 70%
Magic:  2/2        EV:  9    Int: 10    God:
Gold:   80         SH:  0    Dex: 10    Spells: 1/1 levels left

rFire   . .          .
                       - Unarmed
rCold   . . .        (no shield)
rNeg    . . .        a - +0 animal skin
rPois   +            (helmet currently unavailable)
rElec   .            (cloak currently unavailable)
rCorr   .            (gloves currently unavailable)
SInv    +            (no barding)
Will    .....        (no amulet) Stlth
                     (no ring)
HPRegen 0.24/turn    (no ring)
MPRegen 0.08/turn

%: no passive effects
@: beast-form, silenced (expiring), very slow
A: beast (slay +1), AC +0, large, see invisible, deformed body, poison
resistance, slowness 2, spit poison 1, naga tail 1
a: Spit Poison, Begin Untransformation


You were on level 2 of the Dungeon.
You were a hulking beast.
You visited 1 branch of the dungeon, and saw 2 of its levels.

You collected 80 gold pieces.

Inventory:

Hand Weapons
 e - a +0 dagger
Missiles
 h - 3 stones
Armour
 a - a +0 animal skin (worn)
Magical Staves
 i - a staff of alchemy
Talismans
 c - a beast talisman
 d - a flux talisman
Scrolls
 f - a scroll of immolation
 j - a scroll of silence
Potions
 b - 2 potions of lignification
 k - a potion of attraction


   Skills:
 - Level 1.1 Fighting
 - Level 1.6 Dodging
 + Level 3.7 Unarmed Combat
 - Level 3.0 Shapeshifting


You had one spell level left.
You didn't know any spells.
Your spell library was empty.

Dungeon Overview and Level Annotations

Branches:
Dungeon (2/15)

Altars:

Annotations:
D:2 Robin


Innate Abilities, Weirdness & Mutations

You are a hulking beast.
Your limbs bulge with bestial killing power. (Slay +1)
Your serpentine skin is tough. (AC +0)
You have supernaturally acute eyesight. (SInv)
Armour fits poorly on your strangely shaped body.
Your system is resistant to poisons. (rPois)
You cover ground very slowly.
You can spit poison.
You have a snake-like lower body.


Message History

You can't go up here!
You don't know any spells.
You can't go up here!
There is a stone staircase leading up here.
You climb upwards.
There is a stone staircase leading down here.
As you read the scroll labelled LEHO NYXKILUIG, it crumbles to dust.
It is a scroll of identify.
k - a potion of attraction
As you read the scroll of identify, it crumbles to dust.
f - a scroll of immolation
As you read the scroll labelled LORCHI HIEXTE, it crumbles to dust.
A profound silence engulfs you.
It was a scroll of silence.
You climb downwards.
There is a stone staircase leading up here.
A goblin comes into view. It is wielding a +0 club.
A hobgoblin comes into view.
The hobgoblin moves out of view.
A goblin comes into view. It is wielding a +0 club.
Found 15 gold pieces.
A goblin comes into view. It is wielding a +0 dagger.
A hobgoblin comes into view.
The goblin closely misses you.
Robin of the Strong Arm comes into view.
They are wielding a +0 short sword.
A hobgoblin comes into view.
A goblin comes into view. It is wielding a +0 club.
Robin throws the goblin at you! The goblin attacks as it pursues you!
The goblin hits you with a +0 club. The goblin barely misses you.
The goblin attacks as it pursues you! The goblin hits you with a +0 club.
Okay, then.
You barely miss the goblin.
Robin roars a battlecry!
The goblins go into a battle-frenzy!
The goblin hits you with a +0 club. x2
* * * LOW HITPOINT WARNING * * *
The goblin hits you with a +0 club.
* * * LOW HITPOINT WARNING * * *
The goblin attacks as it pursues you! The goblin hits you but does no damage.
The goblin hits you with a +0 club.
You die...

#.........#
#.........##
#...<......#
#..........##########
#....................
#........)...........
#############.....##.
#.....# #h....#
#gg...# #..g..#
#..g..# #g..g.#
#?...g.# .........#
###..###..g. #..#
#.#.#


You could see Robin, 2 hobgoblins and 5 goblins.

Vanquished Creatures
  A giant cockroach (D:1)
  A hobgoblin (D:1)
  2 kobolds (D:1)
  A quokka (D:1)
  6 ball pythons (D:1)
  3 bats (D:1)
  A frilled lizard (D:1)
  4 rats (D:1)
19 creatures vanquished.

Notes
Turn   | Place    | Note
-------+----------+-------------------------------------------
     0 | D:1      | SolCadguy the Naga Shapeshifter began the quest for the
                  | Orb.
     0 | D:1      | Reached XP level 1. HP: 18/18 MP: 1/1
   251 | D:1      | Reached XP level 2. HP: 25/25 MP: 2/2
   501 | D:1      | Found a faded altar of an unknown god.
   805 | D:2      | Noticed Robin
   809 | D:2      | Slain by a goblin

Illustrated notes

Levels and vault maps discovered:
D:1:      mushboom_english_gardens, layout_basic,
          nicolae_ecumenical_snake_handling
D:2:      layout_basic, uniq_robin

Action                     || total
---------------------------++-------
  Melee: Unarmed           ||    20
         Punch             ||     2
Ability: Spit Poison       ||    13
    Use: Scroll            ||     3
 Armour: Animal skin       ||    24
  Dodge: Dodged            ||     6

Table legend: (Time is in decaauts)
 A = Elapsed time spent in this place.
 B = Non-inter-level travel time spent in this place.
 C = Inter-level travel time spent in this place.
 D = Time resting spent in this place.
 E = Time spent auto-exploring this place.
 F = Levels seen in this place.
 G = Mean time per level.
                   A        B        C        D        E       F      G
               +--------+--------+--------+--------+--------+-----+--------+
         Total |   1082 |   1068 |     14 |      0 |    863 |   2 |  541.0 |
       Dungeon |   1082 |   1068 |     14 |      0 |    863 |   2 |  541.0 |
               +--------+--------+--------+--------+--------+-----+--------+

Top non-repeatable levels by time:
     D:1: 1048 daAuts
     D:2: 34 daAuts
